 Dungeon Crawl Stone Soup version 0.26-a0-651-gb41185065b (webtiles) character file.

Game seed: 13426558333000686673

(classic levelgen) 23 EnegeticOcto the Sneak (level 2, -8/28 HPs)
             Began as a Deep Dwarf Delver on Oct 24, 2020.
             Mangled by Crazy Yiuf
             ... wielding a +2 quarterstaff of chaos
              (16 damage)
             ... on level 5 of the Dungeon.
             The game lasted 00:00:29 (84 turns).

EnegeticOcto the Sneak (Deep Dwarf Delver)            Turns: 84, Time: 00:00:29

Health: -8/28      AC:  3    Str: 15    XL:     2   Next: 75%
Magic:  1/1        EV: 12    Int: 10    God:
Gold:   11         SH:  0    Dex: 14    Spells: 1/1 levels left

rFire    . . .     SeeInvis .   a - +0 hand axe
rCold    . . .     Faith    .   (no shield)
rNeg     . . .     Spirit   .   b - +0 leather armour
rPois    .         Reflect  .   (no helmet)
rElec    .         Harm     .   (no cloak)
rCorr    .         Rampage  .   (no gloves)
MR       .....                  (no boots)
Stlth    +++.......             (no amulet)
HPRegen  0.00/turn              (no ring)
MPRegen  0.07/turn              (no ring)

@: lethally poisoned (-8 -> -8), non-regenerating
A: damage resistance, heal wounds, sense surroundings 1, no regeneration
a: Heal Wounds


You were on level 5 of the Dungeon.
You visited 1 branch of the dungeon, and saw 2 of its levels.

You collected 11 gold pieces.

Inventory:

Hand Weapons
 a - a +0 hand axe (weapon)
Armour
 b - a +0 leather armour (worn)
Scrolls
 c - a scroll of fog
 d - a scroll of magic mapping {@r5}
 e - a scroll of fear
 h - a scroll of identify {unknown}
 i - a scroll of enchant armour {unknown}
Potions
 f - a potion of haste {@q4}


   Skills:
 + Level 3.0 Fighting
 + Level 2.6 Axes
 + Level 2.6 Dodging
 + Level 6.3 Stealth


You had one spell level left.
You didn't know any spells.
Your spell library was empty.

Dungeon Overview and Level Annotations

Branches:
Dungeon (6/15)
 Temple: D:4-7

Altars:

Annotations:
D:5 Crazy Yiuf


Innate Abilities, Weirdness & Mutations

You are resistant to damage.
You can heal yourself by infusing magical energy.
You passively map a small area around you.
You do not regenerate.


Message History

Press ? for a list of commands and other information.
Found a stone staircase leading down.
You climb downwards.
An orc comes into view. It is wielding a +0 hand axe.
There is a stone staircase leading up here.
You climb upwards.
There is a stone staircase leading down here.
Found a scroll labeled QIGROL KADAINI and a scroll labeled RIMUAK XUT GYT.
Found a short sword.
A worker ant comes into view.
Found 11 gold pieces.
h - a scroll labeled QIGROL KADAINI You see here a scroll labeled RIMUAK XUT GYT.
Evoke which item? (* to show all) (? for menu, Esc to quit)
Please select a direction to dig.
Press: ? - help, Shift-Dir - straight line A rock wall.
The rock shatters into small pieces.
i - a scroll labeled RIMUAK XUT GYT You hit the worker ant but do no damage.
The worker ant misses you.
You barely miss the worker ant. The worker ant misses you.
The worker ant closely misses you.
You hit the worker ant.
The worker ant is lightly wounded.
The worker ant closely misses you.
You hit the worker ant.
The worker ant is moderately wounded.
The worker ant barely misses you. The worker ant bites you.
You hit the worker ant but do no damage.
The worker ant is moderately wounded.
The worker ant barely misses you.
You barely miss the worker ant.
The worker ant is moderately wounded.
The worker ant bites you.
You are poisoned.
The worker ant poisons you! The worker ant misses you.
You hit the worker ant but do no damage.
The worker ant is moderately wounded.
The worker ant barely misses you.
You hit the worker ant.
The worker ant is heavily wounded.
The worker ant bites you.
The worker ant bites you but does no damage.
You slash the worker ant!
The worker ant is almost dead.
The worker ant barely misses you.
You hit the worker ant but do no damage.
The worker ant is almost dead.
The worker ant bites you but does no damage.
The worker ant misses you.
You barely miss the worker ant.
The worker ant is almost dead.
The worker ant closely misses you.
You hit the worker ant.
You kill the worker ant!
Your Fighting skill increases to level 3!
You have reached level 2!
Your magical essence is drained by the effort!
You feel much better.
You now have 11 gold pieces.
You are no longer poisoned.
Evoke which item? (* to show all) (? for menu, Esc to quit)
Press: ? - help, Shift-Dir - straight line A rock wall.
The rock shatters into small pieces.
There is a stone staircase leading down here.
Evoke which item? (* to show all) (? for menu, Esc to quit)
Press: ? - help, Shift-Dir - straight line A rock wall.
The rock shatters into small pieces.
The now-empty wand crumbles to dust.
Found a mace.
Found a runed translucent door.
You open the door. You hit Crazy Yiuf but do no damage.
Crazy Yiuf closely misses you.
You closely miss Crazy Yiuf.
Crazy Yiuf hits you with a +2 quarterstaff of chaos.
You hit Crazy Yiuf but do no damage. Crazy Yiuf misses you.
You hit Crazy Yiuf.
Crazy Yiuf is moderately wounded.
Crazy Yiuf hits you with a +2 quarterstaff of chaos.
You blink.
You hit Crazy Yiuf but do no damage.
Crazy Yiuf is moderately wounded.
Crazy Yiuf hits you with a +2 quarterstaff of chaos.
You are poisoned.
You hit Crazy Yiuf.
Crazy Yiuf is heavily wounded.
Crazy Yiuf hits you with a +2 quarterstaff of chaos.
You are more poisoned.
You completely miss Crazy Yiuf.
Crazy Yiuf is heavily wounded.
You feel sick.
Crazy Yiuf hits you with a +2 quarterstaff of chaos!
You hit Crazy Yiuf but do no damage.
Crazy Yiuf is heavily wounded.
Crazy Yiuf hits you with a +2 quarterstaff of chaos.
* * * LOW HITPOINT WARNING * * *
You are electrocuted!!
Ouch! That really hurt!
You die...

#...#
###..###
##..## #.>#
#....# ##.#
♣....♣ #.#
♣...♣♣ #.#
♣♣.♣♣ #.#
♣.♣♣ ####.#
♣♣.♣
♣#....#
♣@♣♣
♣.....#
♣♣g♣
♣#....#####
#'#*
#........#
*...
♣#........#
#...#
♣.........#
#..)#
♣#........#
#####
###....).#
#........
#########


You could see Crazy Yiuf.

Vanquished Creatures
  A worker ant (D:5)
1 creature vanquished.

Notes
Turn   | Place    | Note
-------+----------+-------------------------------------------
     0 | D:5      | EnegeticOcto the Deep Dwarf Delver began the quest for the
                  | Orb.
     0 | D:5      | Reached XP level 1. HP: 20/20 MP: 1/1
    10 | D:5      | Noticed a worker ant
    29 | D:5      | Killed a worker ant
    29 | D:5      | Reached XP level 2. HP: 14/28 MP: 2/2
    71 | D:5      | Found a runed translucent door.
    72 | D:5      | Noticed Crazy Yiuf
    84 | D:5      | Mangled by Crazy Yiuf

Illustrated notes

Levels and vault maps discovered:
D:5:      layout_basic, uniq_crazy_yiuf_cottage, uniq_duvessa, uniq_grinder
D:6:      layout_loops_ring, serial_shops, shop_statue

Skill      XL: |  1 |
---------------+----+-----
Fighting       | 3 |  3.0
Axes           | |  2.6
Dodging        | |  2.6
Stealth        | |  6.3

Action                   || total
-------------------------++-------
Melee: Hand axe          ||    20
 Abil: Heal Wounds       ||     1
Evoke: Wand              ||     3
Armor: Leather armour    ||     2
Dodge: Dodged            ||    13

Table legend: (Time is in decaauts)
 A = Elapsed time spent in this place.
 B = Non-inter-level travel time spent in this place.
 C = Inter-level travel time spent in this place.
 D = Time resting spent in this place.
 E = Time spent auto-exploring this place.
 F = Levels seen in this place.
 G = Mean time per level.
                   A        B        C        D        E       F      G
               +--------+--------+--------+--------+--------+-----+--------+
         Total |     87 |     87 |      0 |      0 |      0 |   2 |   43.5 |
       Dungeon |     87 |     87 |      0 |      0 |      0 |   2 |   43.5 |
               +--------+--------+--------+--------+--------+-----+--------+

Top non-repeatable levels by time:
     D:5: 86 daAuts
     D:6: 1 daAuts
